 Dungeon Crawl Stone Soup version 0.17.1-3-g152610e (console) character file.

840 flowsnake the Shield-Bearer (level 8, -5/49 HPs)
             Began as a Gargoyle Fighter on Feb 27, 2016.
             Slain by bollicks1999's ghost (9 damage)
             ... on level 5 of the Dungeon.
             The game lasted 00:21:43 (3569 turns).

flowsnake the Shield-Bearer (Gargoyle Fighter)      Turns: 3569, Time: 00:21:43

Health: -5/49      AC: 17    Str: 21    XL:     8   Next: 0%
Magic:  8/8        EV:  3    Int: 10    God:
Gold:   221        SH: 10    Dex:  9    Spells: 0 memorised, 7 levels left

rFire  . . .     SeeInvis .     a - +0 flail
rCold  . . .     Clarity  .     p - +3 ring mail {MR+}
rNeg   + + .     SustAt   .     c - +0 shield
rPois  ∞         Gourm    .     (no helmet)
rElec  +         Spirit   .     (no cloak)
rCorr  .         Warding  .     (no gloves)
rMut   +         Stasis   .     j - +2 pair of boots
MR     +....                    n - amulet of resist mutation
Stlth  ..........               z - ring of positive energy
                                f - ring of wizardry

@: somewhat resistant to hostile enchantments, extremely unstealthy
A: negative energy resistance 1, electricity resistance, unbreathing,
petrification resistance, rot immunity, AC +5
a: no special abilities


You were on level 5 of the Dungeon.
You were not hungry.

You visited 1 branch of the dungeon, and saw 5 of its levels.
You also visited: Ossuary.

You collected 221 gold pieces.

Inventory:

Hand Weapons
 a - a +0 flail (weapon)
 d - a +0 dire flail
 g - a +1 scythe of venom
 h - a +0 whip
Armour
 b - a +0 scale mail
 c - a +0 shield (worn)
 j - a +2 pair of boots (worn)
 p - a +3 ring mail of magic resistance (worn)
 y - a +1 pair of boots
Jewellery
 f - a ring of wizardry (left hand)
 n - an amulet of resist mutation (around neck)
 z - a ring of positive energy (right hand)
Scrolls
 l - 4 scrolls of teleportation
 m - 2 scrolls of identify
 o - a scroll of vulnerability {unknown}
 q - a scroll of recharging
 s - a scroll of remove curse
 v - a scroll of summoning {unknown}
Potions
 r - a potion of mutation
 t - 2 potions of heal wounds
 u - a potion of curing
 w - 2 potions of magic
Comestibles
 e - 3 bread rations
 i - 2 meat rations
 k - 2 beef jerkies
 x - 2 chunks of flesh


   Skills:
 + Level 5.1 Fighting
 + Level 5.0 Maces & Flails
 + Level 5.2 Armour
 + Level 6.5 Shields


You had 7 spell levels left.
You didn't know any spells.

Dungeon Overview and Level Annotations

Branches:
Dungeon (5/15)
 Temple: D:4-7

Altars:
Fedhas

Annotations:
D:5 bollicks1999's ghost, novice MiFi


Innate Abilities, Weirdness & Mutations

You are resistant to torment.
Your stone body is resilient (AC +5).
You are immune to poison.
You resist negative energy.
You are resistant to electric shocks.
You can survive without breathing.
You are immune to petrification.
You are immune to rotting.


Message History

You block bollicks1999's ghost's attack. x2
You sock bollicks1999's ghost!
Bollicks1999's ghost is moderately damaged.
You block bollicks1999's ghost's attack.
Your shield prevents you from hitting bollicks1999's ghost.
Bollicks1999's ghost is moderately damaged.
You block bollicks1999's ghost's attack.
You hit bollicks1999's ghost but do no damage.
Bollicks1999's ghost is moderately damaged.
Bollicks1999's ghost wails.
Bollicks1999's ghost barely misses you. Bollicks1999's ghost hits you.
* * * LOW HITPOINT WARNING * * *
You hit bollicks1999's ghost but do no damage.
Bollicks1999's ghost is moderately damaged.
Bollicks1999's ghost hits you!
* * * LOW HITPOINT WARNING * * *
Bollicks1999's ghost screams, "I'll kill anyone who wants the ORB!"
There is a stone staircase leading up here.
Bollicks1999's ghost hits you!
You die...

█·······█···█
█·█··█·████·███
█·█·██·██·····█
█·█·██········█
███······██·····█
█·······███··(··█
█·███·█·█ █·····█
█ █<·█·█


███████ █·██·██·█ █·······█ █·······█ ████ █·██·██·█ █···██ █· █·██·█████ ·····█
█ █········██·····██ ████·███9W········ █·█ █████···███ ··█ ███ ████ You could
see bollicks1999's ghost.

Vanquished Creatures
  Sigmund (D:2)
  Edmund (D:4)
  An elf zombie (Ossuary)
  A hound (D:4)
  3 human zombies (Ossuary)
  A jelly (D:4)
  An orc wizard (D:3)
  Natasha (twice) (D:4)
  A big kobold zombie (Ossuary)
  A hound zombie (Ossuary)
  3 mummies (Ossuary)
  A hound skeleton (D:4)
  8 adders
  3 gnolls (D:3)
  An ooze (D:2)
  An adder zombie (Ossuary)
  7 giant geckos
  7 orcs
  A ball python (D:4)
  7 bats
  3 hobgoblins
  7 jackals
  2 quokkas (D:2)
  6 giant cockroaches
  A giant gecko skeleton (D:4)
  2 giant newts
  A gnoll zombie (Ossuary)
  8 goblins
  6 goblin zombies (Ossuary)
  6 hobgoblin zombies (Ossuary)
  6 jackal zombies (Ossuary)
  3 kobolds
  A kobold zombie (Ossuary)
  An orc zombie (Ossuary)
  3 quokka zombies (Ossuary)
  7 rats
  2 rat zombies (Ossuary)
117 creatures vanquished.

Vanquished Creatures (others)
  A sky beast (D:5)
1 creature vanquished.

Grand Total: 118 creatures vanquished

Notes
Turn   | Place    | Note
--------------------------------------------------------------
     0 | D:1      | flowsnake the Gargoyle Fighter began the quest for the Orb.
     0 | D:1      | Reached XP level 1. HP: 14/14 MP: 1/1
   224 | D:1      | Reached XP level 2. HP: 19/19 MP: 2/2
   938 | D:2      | Reached XP level 3. HP: 18/23 MP: 3/3
  1077 | D:2      | Noticed Sigmund
  1092 | D:2      | HP: 1/24 [Sigmund/scythe of venom (9)]
  1125 | D:2      | Killed Sigmund
  1125 | D:2      | Reached skill level 4 in Fighting
  1125 | D:2      | Reached XP level 4. HP: 21/29 MP: 4/4
  1125 | D:2      | Reached XP level 5. HP: 23/33 MP: 5/5
  1791 | D:3      | Reached XP level 6. HP: 38/38 MP: 6/6
  2207 | D:3      | Reached skill level 5 in Shields
  2515 | D:4      | Reached skill level 5 in Armour
  2556 | D:4      | Found a blossoming altar of Fedhas.
  2565 | D:4      | Noticed Edmund
  2587 | D:4      | Killed Edmund
  2587 | D:4      | Reached XP level 7. HP: 5/44 MP: 7/7
  2649 | D:4      | Noticed Natasha
  2662 | D:4      | Killed Natasha
  2662 | D:4      | Reached skill level 6 in Shields
  2828 | D:4      | Found a sand-covered staircase.
  2844 | Ossuary  | Entered an ossuary
  3037 | Ossuary  | Reached skill level 5 in Fighting
  3182 | Ossuary  | Reached skill level 5 in Maces & Flails
  3350 | D:4      | Noticed Natasha
  3369 | D:4      | Killed Natasha
  3394 | D:4      | Reached XP level 8. HP: 35/49 MP: 8/8
  3499 | D:5      | Entered Level 5 of the Dungeon
  3537 | D:5      | Noticed bollicks1999's ghost (novice MiFi)
  3569 | D:5      | Slain by bollicks1999's ghost

Action                   |  1- 3 |  4- 6 |  7- 9 || total
-------------------------+-------+-------+-------++-------
Melee: Flail             |   126 |   186 |   265 ||   577
  Use: Scroll            |     5 |     4 |     3 ||    12
       Potion            |     4 |     2 |       ||     6
  Eat: Chunk             |     1 |     5 |     4 ||    10
